 Dungeon Crawl Stone Soup version 0.28-a0-1616-g050a50673c (webtiles) character file.

Game seed: 10149204846771186107

158 bande the Skirmisher (level 5, -23/34 HPs)
             Began as a Gargoyle Fighter on Jan 23, 2022.
             Annihilated by an ogre (24 damage)
             ... on level 4 of the Dungeon.
             The game lasted 00:04:45 (3054 turns).

bande the Skirmisher (Gargoyle Fighter)             Turns: 3054, Time: 00:04:46

Health: -23/34     AC: 13    Str: 19    XL:     5   Next: 40%
Magic:  5/5        EV:  7    Int:  7    God:
Gold:   93         SH:  4    Dex: 11    Spells: 4/4 levels left

rFire   + . .      SeeInvis .   a - +1 war axe
rCold   + . .      Faith    .   c - +0 buckler
rNeg    + . .      Spirit   .   n - +0 chain mail
rPois   ∞          Reflect  .   (no helmet)
rElec   +          Harm     .   j - scarf {rC+ rF+}
rCorr   .          Rampage  .   (no gloves)
Will    .....                   (no boots)
Stlth   ..........              (no amulet)
HPRegen 0.11/turn               (no ring)
MPRegen 0.09/turn               (no ring)

@: no status effects
A: sickness immunity, AC +4, negative energy resistance 1, electricity
resistance, torment resistance 1, petrification resistance, dopey 1
a: no special abilities


You were on level 4 of the Dungeon.
You visited 1 branch of the dungeon, and saw 4 of its levels.

You collected 93 gold pieces.

Inventory:

Hand Weapons
 a - a +1 war axe (weapon)
 d - a +0 flail
 f - the +7 arbalest of Supply {flame, Will+}
   (You found it on level 3 of the Dungeon)

   Any ammunition fired from it burns those it strikes, dealing additional fire
   damage.
   Will:      It increases your willpower.
Armour
 c - a +0 buckler (worn)
 j - a scarf of resistance (worn)
 n - a +0 chain mail (worn)
Potions
 e - a potion of ambrosia
 k - a potion of degeneration {unknown}
 l - a potion of curing {unknown}
 m - a potion of magic {unknown}


   Skills:
 + Level 4.5 Fighting
 + Level 3.0 Axes
 + Level 4.4 Armour
 + Level 3.6 Shields


You had 4 spell levels left.
You didn't know any spells.
Your spell library contained the following spells:

 Spells                   Type           Power      Damage    Failure   Level
 Animate Skeleton         Necr           0%         N/A       100%        1
 Pain                     Necr           0%         1d4       100%        1
 Vampiric Draining        Necr           0%         2d6       100%        3


Dungeon Overview and Level Annotations

Branches:
Dungeon (4/15)
 Temple: D:4-7

Altars:

Shops:
D:3 [


Innate Abilities, Weirdness & Mutations

You are immune to sickness and miasma.
Your stone body is resilient. (AC +4)
You are immune to poison.
You resist negative energy. (rN+)
You are resistant to electric shocks. (rElec)
You are resistant to unholy torment.
You are immune to petrification.
You are dopey. (Int -2)


Message History

The iguana bites you but does no damage.
You closely miss the iguana.
The iguana is heavily wounded.
The iguana bites you but does no damage.
An ogre comes into view. It is wielding a +0 giant spiked club.
You closely miss the iguana.
The iguana is heavily wounded.
The iguana bites you but does no damage.
The iguana bites you!
You slash the iguana!
You kill the iguana!
The ogre hits you with a +0 giant spiked club!
You are too injured to fight recklessly!
You are too injured to fight recklessly!
You are too injured to fight recklessly!
You are too injured to fight recklessly!
You are too injured to fight recklessly!
You are too injured to fight recklessly!
You are too injured to fight recklessly!
You are too injured to fight recklessly!
Unknown command.
You slash the ogre!
The ogre is moderately wounded.
You block the ogre's attack.
You hit the ogre.
The ogre is heavily wounded.
The ogre barely misses you.
You hit the ogre but do no damage.
The ogre is heavily wounded.
The ogre hits you with a +0 giant spiked club!
* * * LOW HITPOINT WARNING * * *
You hit the ogre.
The ogre is heavily wounded.
The ogre hits you with a +0 giant spiked club.
* * * LOW HITPOINT WARNING * * *
You barely miss the ogre.
The ogre is heavily wounded.
The ogre hits you with a +0 giant spiked club!!
Ouch! That really hurt!
You die...

...............#..
..###..........#.#
...##..........#.#
....#............# ♣
....#<......>...# .#
....#..........## ..#
...............# ...#
....###..#.#..####....#
...## #.#..##...@O# ...
#..#.##..♣.$....... ..
#..#.###...########
..##.# ###.# #.. ..#
#.# #.# #<# #.>


You could see an ogre.

Vanquished Creatures
  A jelly (D:3)
  An iguana (D:4)
  An orc wizard (D:3)
  An adder skeleton (D:4)
  4 worms (D:2)
  A dart slug (D:3)
  2 orcs (D:3)
  7 ball pythons
  6 endoplasms
  14 goblins
  6 hobgoblins
  A quokka (D:1)
  5 bats
  2 frilled lizards
  5 kobolds
  2 rats
59 creatures vanquished.

Vanquished Creatures (others)
  A plant (D:4)
1 creature vanquished.

Grand Total: 60 creatures vanquished

Notes
Turn   | Place    | Note
-------+----------+-------------------------------------------
     0 | D:1      | bande the Gargoyle Fighter began the quest for the Orb.
     0 | D:1      | Reached XP level 1. HP: 14/14 MP: 1/1
   203 | D:1      | Reached XP level 2. HP: 15/19 MP: 2/2
   626 | D:1      | Reached XP level 3. HP: 21/23 MP: 3/3
   842 | D:1      | Found a faded altar of an unknown god.
  1800 | D:3      | Reached XP level 4. HP: 23/29 MP: 4/4
  2009 | D:3      | Reached XP level 5. HP: 10/33 MP: 5/5
  2486 | D:3      | Gained mutation: You are dopey. (Int -2) [potion of
                  | mutation]
  2629 | D:3      | Identified the +7 arbalest of Supply {flame, Will+}
  2699 | D:3      | Found Tooseish's Armour Shoppe.
  3046 | D:4      | Noticed an ogre
  3053 | D:4      | HP: 1/34 [ogre (3)]
  3054 | D:4      | Annihilated by an ogre

Illustrated notes

Levels and vault maps discovered:
D:1:      denvon_arrival_hothouse, layout_rooms,
          shapermc_ecumenical_altar_acropolis
D:2:      layout_basic, nicolae_elevator_lobby_asterisk
D:3:      layout_loops_ring, serial_shops, shop
D:4:      layout_rooms, minmay_temple_entry_statues, serial_forest,
          infiniplex_forest_straight_3, infiniplex_forest_lined_2,
          infiniplex_forest_clump_tiny, infiniplex_forest_corner_2,
          infiniplex_forest_pool, ebering_ghost_reflecting_pool

Skill      XL: |  1  2  3  4  5 |
---------------+----------------+-----
Axes           | 2 3 |  3.0
Armour         | 4 |  4.4
Fighting       | 4 |  4.5
Shields        | |  3.6

Action                   |  1- 3 |  4- 6 || total
-------------------------+-------+-------++-------
Melee: War axe           |   112 |    56 ||   168
  Use: Potion            |       |     2 ||     2
       Scroll            |       |     8 ||     8
Armor: Scale mail        |    77 |    19 ||    96
       Chain mail        |       |    15 ||    15
Dodge: Dodged            |    52 |    13 ||    65
Block: Buckler           |    26 |     8 ||    34

Table legend: (Time is in decaauts)
 A = Elapsed time spent in this place.
 B = Non-inter-level travel time spent in this place.
 C = Inter-level travel time spent in this place.
 D = Time resting spent in this place.
 E = Time spent auto-exploring this place.
 F = Levels seen in this place.
 G = Mean time per level.
                   A        B        C        D        E       F      G
               +--------+--------+--------+--------+--------+-----+--------+
         Total |   3124 |   3044 |     80 |    917 |   1586 |   4 |  781.0 |
       Dungeon |   3124 |   3044 |     80 |    917 |   1586 |   4 |  781.0 |
               +--------+--------+--------+--------+--------+-----+--------+

Top non-repeatable levels by time:
     D:3: 1205 daAuts
     D:2: 947 daAuts
     D:1: 894 daAuts
     D:4: 77 daAuts
